Map: Kairos Junction LE

Players

xesar

  • Race: Terran Terran
  • League: Platinum
  • Spawn Location: 11:00

Parkkatz - Winner!

  • Race: Zerg Zerg
  • League: Platinum
  • Spawn Location: 5:00

VOD

Have the link to the VOD?

Description

Time

  • Played on: July 7, 2019, 9:32 a.m.
  • Length: 17:25
Show
View Real Time Build Order
Export as new Build Order

xesar Terran 

Build Orders: Liberator Opening 

Get SALT Encoding   

  12  0:02  SCV  
  14  0:14  SCV  
  14  0:26  SCV  
  14  0:27  Supply Depot  
  15  0:39  Refinery  
  15  0:49  SCV  
  16  0:50  Barracks  
  16  1:02  Barracks, SCV  
  17  1:15  SCV  
  18  1:38  Marine  
  19  1:44  Command Center  
  19  1:49  SCV  
  20  1:59  Factory  
  20  2:03  SCV  
  20  2:06  Marine  
  22  2:17  Orbital Command  
  22  2:20  Marine  
  23  2:36  Supply Depot  
  23  2:49  Factory Tech Lab  
  23  2:54  Starport  
  23  2:55  Marine x2  
  23  2:58  Refinery  
  25  3:18  Siege Tank  
  28  3:20  SCV  
  28  3:22  Orbital Command  
  29  3:27  Marine  
  29  3:28  Marine  
  29  3:32  SCV  
  32  3:37  Refinery  
  32  3:45  Starport Tech Lab, Marine  
  32  3:49  SCV x2  
  32  3:52  Liberator  
  32  3:54  Marine  
  35  4:03  Marine  
  35  4:05  SCV x2  
  41  4:12  Marine  
  42  4:17  SCV  
  42  4:19  SCV  
  42  4:21  Marine  
  45  4:30  Marine  
  45  4:39  Marine  
  41  4:47  Marine  
  41  4:49  SCV  
  41  4:50  SCV  
  44  4:53  Starport  
  44  5:00  Liberator  
  44  5:01  SCV  
  44  5:02  Supply Depot  
  44  5:05  Supply Depot  
  45  5:10  SCV  
  46  5:14  Refinery  
  49  5:22  SCV x2  
  49  5:25  Siege Tank, Command Center  
  49  5:27  Supply Depot  
  54  5:34  SCV  
  54  5:35  Starport Reactor, SCV  
  56  5:48  SCV x2  
  55  5:52  Fusion Core  
  55  5:58  Supply Depot  
  55  6:00  Engineering Bay  
  55  6:02  SCV x2  
  55  6:03  Factory  
  57  6:14  SCV  
  57  6:15  SCV  
  59  6:20  Supply Depot  
  59  6:23  Armory  
  59  6:26  SCV  
  59  6:27  SCV  
  59  6:28  Liberator  
  61  6:39  SCV x2  
  63  6:46  Supply Depot  
  66  6:51  SCV x2  
  68  6:55  Viking  
  68  6:58  Marine  
  68  7:01  Planetary Fortress  
  71  7:03  SCV  
  72  7:12  SCV  
  72  7:15  Factory Reactor, SCV  
  74  7:22  Missile Turret  
  74  7:24  SCV  
  74  7:25  Liberator  
  74  7:26  Missile Turret  
  74  7:28  Supply Depot  
  74  7:29  Widow Mine  
  77  7:33  Missile Turret  
  77  7:36  Missile Turret  
  77  7:39  SCV  
  81  7:46  Missile Turret  
  81  7:50  Missile Turret, Widow Mine  
  83  7:51  SCV  
  83  7:52  SCV x2  
  83  7:55  Missile Turret  
  86  8:04  SCV x3  
  89  8:07  Missile Turret, Widow Mine x2  
  89  8:12  Widow Mine  
  95  8:16  Missile Turret, SCV  
  95  8:17  Missile Turret  
  96  8:22  Liberator x2  
  96  8:28  Widow Mine, SCV  
  109  8:41  Battlecruiser  
  109  8:44  Widow Mine x2  
  113  8:50  Missile Turret  
  113  9:02  Missile Turret  
  113  9:11  Missile Turret  
  113  9:19  Refinery  
  113  9:21  Refinery  
  113  9:26  Viking, Missile Turret  
  113  9:27  Viking  
  113  9:28  Thor  
  113  9:30  Widow Mine  
  125  9:35  Supply Depot, Widow Mine  
  125  9:38  Supply Depot  
  127  9:41  Supply Depot  
  127  9:47  Factory  
  127  9:48  Missile Turret  
  127  9:50  Factory  
  127  9:58  Command Center  
  127  9:59  SCV  
  128  10:00  Supply Depot  
  128  10:07  Supply Depot  
  128  10:09  Missile Turret  
  128  10:11  SCV  
  128  10:13  Supply Depot  
  129  10:14  SCV x2  
  129  10:17  Widow Mine x2  
  129  10:19  Terran Vehicle Weapons Level 1  
  135  10:23  SCV  
  135  10:27  Viking x2  
  140  10:36  Supply Depot  
  139  10:49  Liberator x2  
  130  11:08  Factory Tech Lab x2  
  136  11:18  Thor  
  136  11:20  SCV x2  
  137  11:32  SCV  
  137  11:34  Command Center  
  136  11:47  Command Center  
  136  11:57  Advanced Ballistics  
  136  12:10  Thor x2  
  148  12:24  SCV x2  
  150  12:36  SCV x2  
  104  12:58  Liberator  
  104  12:59  Liberator  
  86  13:13  Widow Mine x2  
  86  13:14  Thor x2  
  108  13:25  Liberator  
  115  14:17  Siege Tank, Widow Mine x2  
  115  14:18  Siege Tank  
  115  14:20  Planetary Fortress  
  115  14:21  Marine x2  
  123  14:39  Marine  
  124  14:54  Liberator  
  124  14:56  SCV x2  
  126  15:08  Siege Tank x2, SCV  
  126  15:09  Widow Mine x2  
  140  15:17  Marine x2  
  142  15:22  SCV x2  
  142  15:27  Refinery  
  144  15:29  Refinery, Command Center  
  144  15:30  Missile Turret  
  144  15:34  SCV  
  144  15:35  Marine  
  145  15:39  Missile Turret  
  146  15:44  Widow Mine x3  
  146  15:45  Widow Mine x2  
  156  15:50  Missile Turret  
  156  15:55  SCV x2  
  158  16:00  Missile Turret  
  158  16:07  SCV  
  158  16:08  SCV  
  158  16:09  SCV  
  154  16:21  SCV  
  127  16:34  SCV  
Show
View Real Time Build Order
Export as new Build Order

Parkkatz Zerg - Winner!

Build Orders: Hatch First 

Get SALT Encoding   

  12  0:01  Drone  
  13  0:13  Overlord  
  14  0:21  Drone  
  14  0:43  Drone x2  
  14  0:45  Drone  
  17  0:55  Drone  
  18  1:05  Hatchery  
  18  1:07  Drone  
  18  1:08  Extractor  
  17  1:21  Spawning Pool  
  17  1:25  Drone  
  17  1:27  Drone  
  18  1:37  Drone  
  19  1:47  Overlord  
  19  2:09  Queen  
  19  2:15  Zergling x4  
  23  2:19  Queen  
  23  2:20  Hatchery  
  25  2:22  Drone  
  25  2:33  Metabolic Boost  
  25  2:49  Drone x2  
  25  2:50  Drone  
  28  2:52  Drone  
  28  2:55  Drone, Queen  
  32  3:01  Overlord  
  32  3:19  Drone  
  33  3:20  Drone  
  33  3:21  Overlord  
  33  3:24  Drone x3  
  33  3:25  Overlord  
  37  3:35  Queen  
  39  3:44  Queen  
  39  3:45  Drone x2  
  39  3:46  Overlord  
  43  3:55  Baneling Nest  
  42  3:56  Drone x2  
  42  3:58  Drone x2  
  46  4:03  Drone x2  
  46  4:08  Extractor  
  48  4:10  Drone x3  
  48  4:11  Drone  
  48  4:16  Zergling x2  
  48  4:17  Zergling x4  
  54  4:18  Zergling x2  
  55  4:25  Lair  
  55  4:33  Drone x2, Overlord  
  57  4:42  Drone x5  
  61  4:52  Drone  
  62  4:55  Spore Crawler, Extractor  
  62  4:56  Spore Crawler  
  59  5:00  Drone x2  
  59  5:01  Spore Crawler, Drone x3  
  59  5:02  Overlord  
  63  5:09  Drone x3  
  63  5:10  Overlord  
  66  5:19  Queen  
  68  5:21  Queen  
  68  5:25  Drone  
  68  5:26  Drone  
  72  5:30  Centrifical Hooks  
  72  5:32  Hydralisk Den  
  71  5:49  Extractor  
  70  6:01  Roach Warren, Evolution Chamber  
  68  6:04  Drone, Evolution Chamber  
  68  6:05  Drone x4  
  68  6:06  Overlord x2  
  68  6:09  Grooved Spines  
  72  6:13  Hatchery, Drone x2  
  72  6:16  Extractor  
  72  6:20  Zergling x8  
  72  6:24  Baneling x5  
  72  6:25  Baneling  
  76  6:33  Zerg Ground Armor Level 1, Zerg Missile Weapons Level 1  
  73  6:49  Overlord x2  
  73  6:50  Overlord  
  73  6:57  Hydralisk  
  73  6:58  Hydralisk x3  
  81  7:05  Drone x3  
  81  7:06  Overlord x3  
  81  7:07  Overlord  
  84  7:10  Extractor  
  83  7:17  Drone, Overlord x2  
  83  7:18  Roach x2  
  83  7:19  Hydralisk, Roach x2  
  83  7:20  Muscular Augments  
  94  7:35  Queen  
  96  7:41  Hatchery  
  96  7:42  Hydralisk x3  
  96  7:43  Hydralisk x2  
  105  7:47  Baneling x2  
  105  7:50  Drone x2  
  105  7:51  Drone  
  108  8:01  Glial Reconstitution  
  102  8:42  Infestation Pit  
  102  8:46  Spore Crawler  
  100  8:49  Zerg Ground Armor Level 2, Zerg Missile Weapons Level 2  
  100  8:57  Hydralisk  
  100  8:58  Hydralisk x3  
  100  9:01  Zergling x4  
  100  9:02  Zergling x6  
  113  9:03  Drone x5  
  113  9:04  Drone x4  
  113  9:05  Queen  
  124  9:15  Roach x2  
  124  9:16  Roach x2  
  132  9:24  Hydralisk  
  132  9:25  Hydralisk x2  
  132  9:31  Spore Crawler  
  137  9:32  Drone x3  
  137  9:33  Spore Crawler, Drone x2  
  137  9:36  Baneling x3  
  137  9:37  Baneling x4  
  141  9:39  Zergling x2  
  141  9:40  Zergling x10  
  147  9:57  Roach x2  
  147  9:58  Roach x6, Overlord x3  
  163  10:05  Spore Crawler x2  
  161  10:07  Drone x2  
  163  10:19  Hive  
  163  10:23  Drone x2  
  163  10:25  Extractor  
  163  10:26  Extractor  
  139  11:11  Hydralisk x13  
  152  11:41  Spire  
  151  11:50  Zerg Missile Weapons Level 3  
  151  12:07  Ultralisk Cavern  
  150  12:10  Zergling x2  
  150  12:11  Zergling x48  
  150  12:12  Zergling x8  
  179  12:20  Ravager  
  180  12:27  Zergling x2  
  180  12:28  Zergling x22  
  180  12:29  Drone  
  189  12:38  Drone x2  
  189  12:42  Hydralisk  
  189  12:43  Hydralisk x5  
  141  13:07  Drone x2  
  141  13:08  Drone x3  
  141  13:11  Queen x4  
  146  13:16  Corruptor x6  
  149  13:37  Drone  
  149  13:38  Drone x2  
  149  13:39  Drone x2  
  149  13:40  Drone  
  154  13:43  Corruptor x3  
  154  13:44  Greater Spire  
  160  13:52  Anabolic Synthesis  
  160  13:54  Zergling x14  
  167  13:59  Drone x5  
  167  14:02  Corruptor  
  174  14:04  Corruptor  
  176  14:33  Hatchery  
  176  14:36  Chitinous Plating  
  176  14:38  Ultralisk x2  
  187  14:50  Infestor x2  
  190  15:00  Brood Lord  
  190  15:05  Brood Lord  
  196  15:14  Brood Lord  
  196  15:18  Corruptor  
  198  15:27  Zerg Flyer Armor Level 1  
  198  16:00  Extractor  
  197  16:04  Extractor  
  156  16:28  Zergling x6  
  156  16:29  Zergling x56  
  156  16:30  Zergling x4  
  159  16:48  Zergling x2  
  159  16:49  Zergling x26  
  167  16:54  Zergling x2  
  167  16:55  Zergling x4  
  167  16:59  Hydralisk  
  167  17:00  Hydralisk x14  
Tags
 
Add a new tag
Caveats
  • Supply blocks, unpowered buildings, or Contaminate may cause inaccurate times.
  • Supply counts are checked every 10 seconds.